 Dungeon Crawl Stone Soup version 0.31-a0-881-ge136f0c47a (webtiles) character file.

Game seed: 6509297950997876859

1367 jlumianski the Trooper (level 8, 0/51 HPs)
             Began as a Gargoyle Fighter on Oct 15, 2023.
             Was a Believer of Okawaru.
             Engulfed by a cloud of steam (11 damage)
             ... on level 6 of the Dungeon.
             The game lasted 00:33:27 (4330 turns).

jlumianski the Trooper (Gargoyle Fighter)           Turns: 4330, Time: 00:33:27

Health: 0/51       AC: 20    Str: 23    XL:     8   Next: 65%
Magic:  10/10      EV:  6    Int:  8    God:    Okawaru [**....]
Gold:   279        SH:  5    Dex: 15    Spells: 7/7 levels left

rFire   . . .        a - +1 war axe
rCold   . . .        c - +0 buckler
rNeg    + . .        n - +0 plate armour
rPois   ∞            t - +0 helmet
rElec   +            (no cloak)
rCorr   +            (no gloves)
SInv    .            m - +0 pair of boots
Will    .....        (no amulet) Stlth
                     g - +6 ring of dexterity
HPRegen 0.28/turn    d - ring of resist corrosion
MPRegen 0.12/turn

%: no passive effects
@: no status effects
A: sickness immunity, AC +5, negative energy resistance 1, electricity
resistance, torment resistance 1, petrification resistance
a: Renounce Religion, Heroism


You were on level 6 of the Dungeon.
You worshipped Okawaru.
Okawaru was pleased with you.
You visited 2 branches of the dungeon, and saw 7 of its levels.

You collected 279 gold pieces.

Inventory:

Hand Weapons
 a - a +1 war axe (weapon)
Missiles
 f - 47 stones
 p - 5 curare-tipped darts (quivered)
 q - 11 poisoned darts
Armour
 b - a +0 scale mail
 c - a +0 buckler (worn)
 m - a +0 pair of boots (worn)
 n - a +0 plate armour (worn)
 t - a +0 helmet (worn)
Jewellery
 d - a ring of resist corrosion (right hand)
 g - a +6 ring of dexterity (left hand)
Talismans
 s - a serpent talisman
Wands
 v - a wand of paralysis (7)
 w - a wand of flame (23)
Scrolls
 h - 2 scrolls of teleportation
 i - a scroll of enchant weapon
 j - a scroll of vulnerability
 l - a scroll of amnesia
 o - 2 scrolls of noise
 r - a scroll of torment
 u - a scroll of acquirement {unknown}
 x - a scroll of fog {unknown}
 y - a scroll of blinking {unknown}
 B - a scroll of fear {unknown}
 C - a scroll of brand weapon {unknown}
 D - a scroll of immolation {unknown}
Potions
 e - 3 potions of brilliance
 k - 3 potions of enlightenment
 z - a potion of mutation
 A - 4 potions of curing


   Skills:
 * Level 6.0 Fighting
 + Level 5.9 Axes
 + Level 5.3 Armour
 + Level 0.8 Dodging
 + Level 4.3 Shields
 * Level 3.3 Invocations
 * Level 2.6 Evocations


You had 7 spell levels left.
You didn't know any spells.
Your spell library contained the following spells:

 Spells                   Type           Power      Damage    Failure   Level
 Apportation              Tloc           0%         N/A       100%        1
 Magic Dart               Conj           0%         1d3       100%        1
 Necrotise                Necr           0%         1d4       100%        1
 Sandblast                Erth           0%         2d4       100%        1
 Ensorcelled Hibernation  Hex/Ice        0%         N/A       100%        2
 Jinxbite                 Hex            0%         N/A       100%        2
 Passwall                 Tmut/Erth      0%         N/A       100%        2
 Searing Ray              Conj           0%         2d4       100%        2
 Stone Arrow              Conj/Erth      0%         3d7       100%        3
 Anguish                  Hex/Necr       0%         N/A       100%        4
 Brom's Barrelling Bould  Conj/Erth      0%         2d3       100%        4
 Fulminant Prism          Conj/Hex       0%         3d5       100%        4
 Alistair's Intoxication  Tmut/Pois      0%         N/A       100%        5
 Borgnjor's Revivificati  Necr           0%         N/A       100%        8
 Death's Door             Necr           0%         N/A       100%        9
 Summon Small Mammal      Summ           Unusable   N/A       N/A         1
 Haunt                    Necr/Summ      Unusable   N/A       N/A         7

Dungeon Overview and Level Annotations

Branches:
Dungeon (6/15)             Temple (1/1) D:4

Altars:
Ashenzari
Cheibriados
Dithmenos
Elyvilon
Fedhas
Gozag
Hepliaklqana
Kikubaaqudgha
Makhleb
Nemelex Xobeh
Okawaru
Qazlal
Ru
Sif Muna
Trog
Uskayaw
Vehumet
Xom
Yredelemnul
Zin
The Shining One


Innate Abilities, Weirdness & Mutations

You are immune to sickness and miasma.
Your stone body is resilient. (AC +5)
You are immune to poison.
You resist negative energy. (rN+)
You are resistant to electric shocks. (rElec)
You are resistant to unholy torment.
You are immune to petrification.


Message History

What level of the Dungeon? (default 5, ? - help)
There is a stone staircase leading down here.
You climb downwards.
There is a stone staircase leading up here.
An orc and a steam dragon come into view.
The orc shouts!
The steam dragon hisses angrily.
An ufetubus comes into view.
There is a stone staircase leading up here.
The steam dragon breathes steam at you.
The ball of steam hits the orc!!
The orc dies!
The ball of steam hits you but does no damage.
You are engulfed in a cloud of scalding steam.
The steam dragon bites you but does no damage.
The steam dragon claws you.
You slash the steam dragon!
The steam dragon is heavily wounded.
You block the steam dragon's attack.
The steam dragon claws you but does no damage.
You closely miss the steam dragon.
The steam dragon is heavily wounded.
The steam dragon bites you but does no damage.
The steam dragon closely misses you. You block the steam dragon's attack.
The steam dragon claws you but does no damage.
You slash the steam dragon!
The steam dragon is almost dead.
The steam dragon breathes steam at you. The ball of steam hits you!
You closely miss the steam dragon.
The steam dragon is almost dead.
You are engulfed in a cloud of scalding steam.
The steam dragon breathes steam at you. The ball of steam hits you!!
* * * LOW HITPOINT WARNING * * *
You slash the steam dragon!
You kill the steam dragon!
Okawaru accepts your kill.
The steam dragon scales are intact enough to wear.
You are engulfed in a cloud of scalding steam.
You die...

###..##..#...# ..≈≈≈§≈..
###..........# #.≈§≈≈≈..
....#....#.### #☼.§§≈§○.
#......<##.## #.≈5≈≈≈..
....##......## #.≈§≈≈≈..
.............######...°....
.##..#.......§...>....#
#.###.....<§######..# #.
#..##.#@## ## . #..##.#[.#
[. #......#)#
#.###..#.####### #.
#..#....oD.# #.
##..######.#### #...#
#..o.# ##..# ####D.o..#
#### .....


There were no monsters in sight!

Vanquished Creatures
  Sigmund (D:3)
  A steam dragon (D:6)
  Duvessa (D:4)
  An ice beast (D:5)
  A black bear (D:3)
  3 ogres
  A phantom (D:4)
  Dowan (D:4)
  2 howler monkeys
  A hound (D:5)
  A gnoll bouda (D:3)
  2 jellies (D:5)
  Jessica (D:3)
  An orc wizard (D:3)
  A sleepcap (D:4)
  Natasha (thrice) (D:3)
  An iguana (D:5)
  3 gnolls
  5 adders
  2 white imps
  2 worms
  2 dart slugs (D:4)
  4 orcs
  3 bats
  9 endoplasms
  5 giant cockroaches
  6 goblins
  8 hobgoblins
  9 jackals (D:1)
  3 quokkas
  8 ball pythons
  6 frilled lizards
  6 kobolds
  4 rats
108 creatures vanquished.

Vanquished Creatures (others)
  An orc (D:6)
1 creature vanquished.

Grand Total: 109 creatures vanquished

Notes
Turn   | Place    | Note
-------+----------+-------------------------------------------
     0 | D:1      | jlumianski the Gargoyle Fighter began the quest for the
                  | Orb.
     0 | D:1      | Reached XP level 1. HP: 14/14 MP: 1/1
   134 | D:3      | Noticed Sigmund
   236 | D:1      | Reached XP level 2. HP: 17/19 MP: 2/2
   486 | D:1      | Reached XP level 3. HP: 21/24 MP: 3/3
  1206 | D:2      | Reached XP level 4. HP: 29/29 MP: 4/4
  1587 | D:3      | Killed Sigmund
  1588 | D:3      | Reached skill level 4 in Fighting
  1588 | D:3      | Reached XP level 5. HP: 24/34 MP: 5/5
  1588 | D:3      | Reached XP level 6. HP: 27/39 MP: 6/6
  1762 | D:4      | Found a staircase to the Ecumenical Temple.
  1787 | Temple   | Entered the Ecumenical Temple
  1937 | Temple   | Became a worshipper of Warmaster Okawaru
  2140 | D:4      | Noticed a black bear
  2140 | D:4      | Found a blossoming altar of Fedhas.
  2146 | D:3      | Killed a black bear
  2169 | D:4      | Found a stormy altar of Qazlal.
  2207 | D:4      | Noticed a black bear
  2223 | D:3      | Reached XP level 7. HP: 44/44 MP: 7/7
  2292 | D:3      | Reached skill level 1 in Evocations
  2479 | D:3      | Noticed Jessica
  2508 | D:3      | Killed Jessica
  2509 | D:3      | Reached skill level 5 in Fighting
  2573 | D:3      | Reached skill level 1 in Invocations
  2726 | D:3      | Noticed Natasha
  2733 | D:3      | Killed Natasha
  2868 | D:3      | Noticed Natasha
  2890 | D:3      | Killed Natasha
  2892 | D:3      | Noticed Natasha
  2898 | D:3      | Killed Natasha
  3043 | D:4      | Noticed Duvessa
  3043 | D:4      | Noticed Dowan
  3078 | D:4      | Killed Duvessa
  3238 | D:4      | Killed Dowan
  3238 | D:4      | Reached * piety under Okawaru
  3343 | D:5      | Entered Level 5 of the Dungeon
  3382 | D:4      | Reached skill level 5 in Axes
  3382 | D:4      | Reached skill level 5 in Armour
  3382 | D:4      | Reached XP level 8. HP: 50/50 MP: 9/9
  3387 | D:4      | Found a shadowy altar of Dithmenos.
  3794 | D:6      | Found a shimmering blue altar of Sif Muna.
  4029 | D:5      | Reached skill level 6 in Fighting
  4235 | D:5      | Found a burning altar of Makhleb.
  4330 | D:6      | Reached ** piety under Okawaru
  4330 | D:6      | Engulfed by a cloud of steam

Illustrated notes

Levels and vault maps discovered:
D:1:      matt_arrival_spirals, layout_loops_ring
D:2:      layout_loops_cross
D:3:      layout_basic, uniq_natasha, uniq_sigmund, uniq_jessica
D:4:      layout_rooms, grunt_temple_overflow_forces_of_nature, kennysheep_mini,
          minmay_temple_entry_sparse_star, eino_curves_04, uniq_duvessa
D:5:      layout_cave_pools, kennysheep_mini_moat
D:6:      layout_rooms, overflow_temple_1_default,
          nicolae_sif_muna_condensation, minmay_misc_feat_room, sigmund_army
Temple:   regret_index_temple_sphere_string

Skill      XL: |  1  2  3  4  5  6  7  8 |
---------------+-------------------------+-----
Axes           | 2 3 4 5 |  5.9
Fighting       | 4 5 6 |  6.0
Armour         | 4 5 |  5.3
Evocations     | 1 2 |  2.6
Shields        | 4 |  4.3
Invocations    | 2 3 |  3.3
Dodging        | |  0.8

Action                     |  1- 3 |  4- 6 |  7- 9 || total
---------------------------+-------+-------+-------++-------
  Melee: War axe           |    92 |    44 |   182 ||   318
  Throw: Dart              |       |     3 |     2 ||     5
 Invoke: Heroism           |       |       |     2 ||     2
  Evoke: Wand              |       |       |     4 ||     4
    Use: Scroll            |     1 |     3 |     6 ||    10
         Potion            |       |     2 |     3 ||     5
 Armour: Scale mail        |    38 |       |       ||    38
         Plate armour      |    30 |    43 |   170 ||   243
  Dodge: Dodged            |    34 |    16 |    50 ||   100
  Block: Buckler           |    22 |     6 |    45 ||    73

Table legend: (Time is in decaauts)
 A = Elapsed time spent in this place.
 B = Non-inter-level travel time spent in this place.
 C = Inter-level travel time spent in this place.
 D = Time resting spent in this place.
 E = Time spent auto-exploring this place.
 F = Levels seen in this place.
 G = Mean time per level.
                   A        B        C        D        E       F      G
               +--------+--------+--------+--------+--------+-----+--------+
         Total |   4468 |   4380 |     88 |    198 |   1767 |   7 |  638.3 |
       Dungeon |   4279 |   4191 |     88 |    198 |   1753 |   6 |  713.2 |
        Temple |    188 |    188 |      0 |      0 |     14 |   1 |  188.0 |
               +--------+--------+--------+--------+--------+-----+--------+

Top non-repeatable levels by time:
     D:4: 1012 daAuts
     D:3: 988 daAuts
     D:1: 974 daAuts
     D:2: 628 daAuts
     D:5: 569 daAuts
  Temple: 188 daAuts
     D:6: 106 daAuts
